 Dungeon Crawl Stone Soup version 0.31-a0-692-gf03d1854d5 (webtiles) character file.

Game seed: 14875377025012372444

2982 shhh the Covered (level 9, 0/68 HPs)
             Began as a Demonspawn Fighter on Sept 7, 2023.
             Was an Elder of Cheibriados.
             Slain by a white ugly thing (6 damage)
             ... on level 7 of the Dungeon.
             The game lasted 00:28:24 (4527 turns).

shhh the Covered (Demonspawn Fighter)               Turns: 4527, Time: 00:28:25

Health: 0/68       AC: 10    Str: 29    XL:     9   Next: 53%
Magic:  9/9        EV: 19    Int: 31    God:    Cheibriados [****..]
Gold:   382        SH:  6    Dex: 23    Spells: 3/8 levels left

rFire   . . .        z - +7 hammer "Meun Ymu" {heavy, rC+ rCorr Int+9 Dex-2 Stlth-}
rCold   + . .        c - +0 buckler
rNeg    . . .        x - +3 ring mail {rPois}
rPois   +            (helmet restricted)
rElec   .            y - +0 cloak
rCorr   +            (no gloves)
SInv    .            (no boots)
Will    +....        s - amulet of Creativity {Acrobat Will+ Regen+ Int+3}
Stlth   +            k - +5 ring of evasion
HPRegen 1.11/turn    (no ring)
MPRegen 0.22/turn

%: acrobat
@: very slow
A: antennae 1, hooves 2, spiny 2, magic regeneration, weakness stinger 2
a: Renounce Religion, Bend Time, Temporal Distortion, Slouch


You were on level 7 of the Dungeon.
You worshipped Cheibriados.
Cheibriados was greatly pleased with you.
You visited 1 branch of the dungeon, and saw 7 of its levels.

You collected 382 gold pieces.

Inventory:

Hand Weapons
 z - the +7 hammer "Meun Ymu" (weapon) {heavy, rC+ rCorr Int+9 Dex-2 Stlth-}
   (You found it on level 4 of the Dungeon)

   Int+9:     It affects your intelligence (+9).
   Dex-2:     It affects your dexterity (-2).
   rC+:       It protects you from cold.
   rCorr:     It protects you from acid and corrosion.
   Stlth-:    It makes you less stealthy.
Armour
 c - a +0 buckler (worn)
 x - a +3 ring mail of poison resistance (worn)
 y - a +0 cloak (worn)
Jewellery
 k - a +5 ring of evasion (left hand)
 s - the amulet of Creativity (around neck) {Acrobat Will+ Regen+ Int+3}
   (You found it on level 3 of the Dungeon)

   [amulet of the acrobat]

   Acrobat:   It increases your evasion while moving and waiting.
   Int+3:     It affects your intelligence (+3).
   Will+:     It increases your willpower.
   Regen+:    It increases your rate of health regeneration.
 E - an amulet of guardian spirit
Talismans
 a - a beast talisman
Wands
 b - a wand of flame (7)
 q - a wand of iceblast (20) (quivered)
 t - a wand of polymorph (3)
 F - a wand of quicksilver (9)
Scrolls
 f - a scroll of immolation
 l - 4 scrolls of fog
 n - 3 scrolls of fear
 o - 2 scrolls of amnesia
 p - 2 scrolls of vulnerability
 w - 2 scrolls of teleportation
 B - a scroll of noise
 C - a scroll of silence
 D - a scroll of identify
Potions
 d - 3 potions of might
 e - 4 potions of berserk rage
 g - 3 potions of heal wounds {unknown}
 h - a potion of brilliance {unknown}
 i - 2 potions of magic {unknown}
 j - a potion of degeneration {unknown}
 m - 2 potions of mutation {unknown}
 r - a potion of cancellation {unknown}
 u - a potion of resistance {unknown}
 v - 2 potions of invisibility {unknown}
 A - 2 potions of curing {unknown}


   Skills:
 + Level 5.2 Fighting
 + Level 2.8 Short Blades
 + Level 3.9(5.2) Axes
 + Level 5.4(6.0) Maces & Flails
 + Level 6.6 Armour
 + Level 4.3 Dodging
 + Level 1.8 Stealth
 + Level 4.9 Shields


You had 3 spell levels left.
You knew the following spells:

 Your Spells              Type           Power      Damage    Failure   Level
a - Kiss of Death         Conj/Necr      0%         2d5       14%         1
b - Dispel Undead         Necr           0%         3d6       82%         4

Your spell library contained the following spells:

 Spells                   Type           Power      Damage    Failure   Level
 Sandblast                Erth           0%         2d4       14%         1
 Passwall                 Tmut/Erth      0%         N/A       22%         2
 Static Discharge         Conj/Air       0%         2-2/arc   22%         2
 Confusing Touch          Hex            0%         N/A       41%         3
 Stone Arrow              Conj/Erth      0%         3d7       41%         3
 Airstrike                Air            0%         2d(0-16)  82%         4
 Summon Lightning Spire   Summ/Air       0%         N/A       82%         4


Dungeon Overview and Level Annotations

Branches:
Dungeon (7/15)             Temple (0/1) D:6

Altars:
Cheibriados
Makhleb
Nemelex Xobeh
Sif Muna

Annotations:
D:7 1 transporter


Innate Abilities, Weirdness & Mutations

You have a pair of small antennae on your head.
You have hoof-like feet.
You are mostly covered in sharp spines.
You regenerate magic rapidly.
You have a tail ending in a sharp stinger.


Message History

Majlo's ghost is severely damaged.
You block majlo's ghost's attack.
The small abomination is struck by your spines.
The small abomination completely misses you.
You hit majlo's ghost. Your kick misses majlo's ghost.
Majlo's ghost is severely damaged.
Majlo's ghost barely misses you.
The small abomination is struck by your spines.
The small abomination misses you. Majlo's ghost is struck by your spines.
Majlo's ghost hits you!
You sock majlo's ghost!
You destroy majlo's ghost!
Cheibriados thoroughly appreciates the change of pace.
The white ugly thing pecks you! The white ugly thing freezes you! You resist.
The orc warrior is struck by your spines.
The orc warrior barely misses you.
Your base Maces & Flails skill increases to level 5!
Your Dodging skill increases to level 4!
You sock the orc warrior!
The orc warrior is severely wounded.
The white ugly thing closely misses you.
You block the orc warrior's attack.
The white ugly thing is struck by your spines.
The white ugly thing pecks you but does no damage.
You sock the orc warrior!
You kill the orc warrior!
Cheibriados thoroughly appreciates the change of pace.
Cheibriados raises the support of your attributes as your movement slows.
The white ugly thing is struck by your spines.
The white ugly thing pecks you. The white ugly thing freezes you! You resist.
You block the small abomination's attack.
The white ugly thing pecks you. The white ugly thing freezes you! You resist.
* * * LOW HITPOINT WARNING * * *
You bludgeon the small abomination!!
You destroy the small abomination!
Cheibriados appreciates the change of pace.
The white ugly thing pecks you.
* * * LOW HITPOINT WARNING * * *
The white ugly thing freezes you. You resist.
You die...

##........<.... ..
####.......... . .
##........# .# .#........#
.## .##.......## .#.
...##.##........#.
#...###.##..##........#.
#.^.###...?##.........
..#.@.#...!#.......##
.#u#x.#..##......###
..©..##.##......##.. ##
#.####.#^.#.......###. ..
.#.,#.©##...##......###. ....
#.###...###!##...##.#...
.....###.).....####...#......
#.....)).......©........#.##
#....................#...###


You could see a white ugly thing and a small abomination.

Vanquished Creatures
  The ghost of majlo the Insei, a novice DsSh of Makhleb (D:7)
  A spriggan (D:7)
  A water moccasin (D:6)
  An orc warrior (D:7)
  A black bear (D:5)
  3 ice beasts
  A centaur (D:6)
  A phantom (D:5)
  2 gnoll sergeants
  3 scorpions
  3 wights (D:7)
  A small abomination (D:7)
  6 killer bees (D:7)
  The ghost of Revguard the Cutter, a weakling DsGl (D:3)
  2 howler monkeys (D:7)
  3 hounds
  3 jellies
  Crazy Yiuf (D:4)
  2 orc priests (D:6)
  A sleepcap (D:4)
  4 iguanas
  3 orc wizards (D:6)
  6 gnolls
  11 adders
  A white imp (D:6)
  An ufetubus (D:4)
  4 worms
  3 dart slugs
  11 orcs
  5 bats
  4 endoplasms
  A giant cockroach (D:2)
  6 goblins
  9 hobgoblins
  4 jackals (D:4)
  3 quokkas
  2 ball pythons
  5 frilled lizards
  9 kobolds
  4 rats
134 creatures vanquished.

Notes
Turn   | Place    | Note
-------+----------+-------------------------------------------
     0 | D:1      | shhh the Demonspawn Fighter began the quest for the Orb.
     0 | D:1      | Reached XP level 1. HP: 18/18 MP: 1/1
   263 | D:1      | Reached skill level 3 in Armour
   411 | D:1      | Discovered your monstrous ancestry.
   411 | D:1      | Gained mutation: You have a small tail. [demonic ancestry]
   411 | D:1      | Reached XP level 2. HP: 24/24 MP: 2/2
   868 | D:2      | Found a sparkling altar of Nemelex Xobeh.
   879 | D:2      | Gained mutation: You are partially covered in sharp spines.
                  | [demonic ancestry]
   879 | D:2      | Reached XP level 3. HP: 28/29 MP: 3/3
  1245 | D:2      | Reached skill level 1 in Dodging
  1245 | D:2      | Gained mutation: You have a pair of small antennae on your
                  | head. [demonic ancestry]
  1245 | D:2      | Reached XP level 4. HP: 35/35 MP: 4/4
  1580 | D:3      | Found a large runed translucent door.
  1626 | D:3      | Reached skill level 1 in Short Blades
  1828 | D:3      | Found a faded altar of an unknown god.
  1831 | D:3      | Prayed at the altar of an unknown god.
  1831 | D:3      | Became a worshipper of Cheibriados the Contemplative
  1831 | D:3      | Reached * piety under Cheibriados
  1895 | D:3      | Identified the amulet of Creativity {Acrobat Will+ Regen+
                  | Int+3}
  2081 | D:3      | Found a large runed translucent door.
  2085 | D:3      | Noticed Revguard's ghost (weakling DsGl)
  2187 | D:3      | Killed Revguard's ghost
  2188 | D:3      | Gained mutation: You have large cloven feet. [demonic
                  | ancestry]
  2188 | D:3      | Reached XP level 5. HP: 13/41 MP: 5/5
  2429 | D:4      | Found a burning altar of Makhleb.
  2484 | D:4      | Reached ** piety under Cheibriados
  2485 | D:4      | Gained mutation: You are mostly covered in sharp spines.
                  | [demonic ancestry]
  2485 | D:4      | Reached XP level 6. HP: 43/47 MP: 6/6
  2526 | D:4      | Found a shimmering blue altar of Sif Muna.
  2701 | D:4      | Found a runed translucent door.
  2702 | D:4      | Noticed Crazy Yiuf
  2793 | D:4      | Reached skill level 4 in Armour
  2901 | D:4      | Noticed an ice beast
  2911 | D:4      | Killed an ice beast
  2912 | D:4      | Reached skill level 1 in Axes
  3054 | D:4      | Killed Crazy Yiuf
  3061 | D:4      | Identified the +7 hammer "Meun Ymu" {heavy, rC+ rCorr Int+9
                  | Dex-2 Stlth-}
  3137 | D:5      | Entered Level 5 of the Dungeon
  3177 | D:5      | Noticed an ice beast
  3182 | D:5      | Killed an ice beast
  3183 | D:5      | Gained mutation: You regenerate magic rapidly. [demonic
                  | ancestry]
  3183 | D:5      | Reached XP level 7. HP: 49/54 MP: 7/7
  3568 | D:5      | Reached *** piety under Cheibriados
  3785 | D:6      | Gained mutation: You have hoof-like feet. [demonic
                  | ancestry]
  3785 | D:6      | Reached XP level 8. HP: 49/61 MP: 8/8
  3793 | D:6      | Reached skill level 5 in Armour
  4092 | D:6      | Found a staircase to the Ecumenical Temple.
  4153 | D:6      | Reached skill level 1 in Stealth
  4263 | D:7      | Found a transporter.
  4300 | D:7      | Reached **** piety under Cheibriados
  4303 | D:7      | Reached skill level 5 in Fighting
  4303 | D:7      | Reached skill level 6 in Armour
  4303 | D:7      | Gained mutation: You have a tail ending in a sharp stinger.
                  | [demonic ancestry]
  4303 | D:7      | Reached XP level 9. HP: 58/68 MP: 9/9
  4415 | D:7      | Learned a level 1 spell: Kiss of Death
  4425 | D:7      | Learned a level 4 spell: Dispel Undead
  4498 | D:7      | Found a transporter.
  4498 | D:7      | Noticed a white ugly thing
  4520 | D:7      | Noticed majlo's ghost (novice DsSh)
  4524 | D:7      | Killed majlo's ghost
  4525 | D:7      | Reached skill level 5 in Maces & Flails
  4527 | D:7      | Slain by a white ugly thing

Illustrated notes

Levels and vault maps discovered:
D:1:      saegor_arrival_fortress, layout_loops_ring
D:2:      layout_basic, basic_altar, kennysheep_generic_room_8
D:3:      layout_loops_cross, ebering_ghost_disaster_area,
          hellmonk_ecumenical_altar_inner_sanctum, minmay_cut_off
D:4:      kennysheep_six_static_rooms, layout_gridville,
          mainiacjoe_overflow_catwalk, makhleb_heckhound_becter,
          hangedman_decor_push, uniq_crazy_yiuf_cottage
D:5:      layout_basic, dk_noncrumbling_4
D:6:      layout_rooms, minmay_temple_entry_purple_smoke
D:7:      layout_cave_pools, mainiacjoe_overflow_alcove_2,
          gammafunk_ghost_abyssal_escape, the_hattery

Skill      XL: |  1  2  3  4  5  6  7  8  9 |
---------------+----------------------------+-----
Armour         | 3 4 6 |  6.6
Maces & Flails | 2 3 4 5 |  5.4
Shields        | 3 4 |  4.9
Dodging        | 1 2 3 4 |  4.3
Short Blades   | 1 2 |  2.8
Axes           | 1 3 |  3.9
Fighting       | 4 5 |  5.2
Stealth        | 1 |  1.8

Action                     |  1- 3 |  4- 6 |  7- 9 || total
---------------------------+-------+-------+-------++-------
  Melee: Flail             |    40 |       |       ||    40
         Dagger            |    48 |    77 |       ||   125
         Tailslap          |     8 |    16 |    14 ||    38
         Kick              |       |    15 |    23 ||    38
         Hand axe          |       |    33 |       ||    33
         Mace              |       |     3 |    74 ||    77
    Use: Scroll            |     4 |     5 |     5 ||    14
 Armour: Scale mail        |    50 |    43 |       ||    93
         Ring mail         |       |     9 |    52 ||    61
  Dodge: Dodged            |    55 |    78 |   106 ||   239
  Block: Buckler           |    24 |    28 |    37 ||    89

Table legend: (Time is in decaauts)
 A = Elapsed time spent in this place.
 B = Non-inter-level travel time spent in this place.
 C = Inter-level travel time spent in this place.
 D = Time resting spent in this place.
 E = Time spent auto-exploring this place.
 F = Levels seen in this place.
 G = Mean time per level.
                   A        B        C        D        E       F      G
               +--------+--------+--------+--------+--------+-----+--------+
         Total |   5830 |   5157 |    673 |      0 |   4017 |   7 |  832.9 |
       Dungeon |   5830 |   5157 |    673 |      0 |   4017 |   7 |  832.9 |
               +--------+--------+--------+--------+--------+-----+--------+

Top non-repeatable levels by time:
     D:4: 1105 daAuts
     D:5: 987 daAuts
     D:3: 939 daAuts
     D:1: 882 daAuts
     D:6: 722 daAuts
     D:2: 667 daAuts
     D:7: 526 daAuts
